 Dungeon Crawl Stone Soup version 0.15-a0-1485-g692b94f (console) character file.

56 Sabretooth the Scratcher (level 3, 0/17 HPs)
             Began as a Felid Fighter on June 14, 2014.
             Was an Initiate of Cheibriados.
             Slain by a centaur (7 damage)
             ... on Level 5 of the Dungeon.
             The game lasted 00:02:27 (502 turns).

Sabretooth the Scratcher (Felid Fighter)             Turns: 502, Time: 00:02:28

HP   0/17        AC  1     Str 14      XL: 3   Next: 71%
MP   5/5         EV 19     Int 10      God: Cheibriados [......]
Gold 57          SH  0     Dex 16      Spells:  0 memorised,  2 levels left
Lives: 0, deaths: 0

rFire  . . .     SeeInvis +       - Unarmed
rCold  . . .     Clarity  .     (armour unavailable)
rNeg   . . .     rCorr    +     (shield unavailable)
rPois  .         rRot     .     (helmet unavailable)
rElec  .         Spirit   .     (cloak unavailable)
SustAb .         Warding  .     (gloves unavailable)
rMut   .         Stasis   .     (boots unavailable)
Gourm  .                        c - amulet of resist corrosion
MR     .....                    (no ring)
                                (no ring)

@: slow, not resistant to hostile enchantments, unstealthy
A: paw claws, no armour, no weapons or thrown items, fangs 3, see invisible,
carnivore 3, speed 1, shaggy fur 1, slow metabolism 1, jump 1
a: Jump Attack, Bend Time, Renounce Religion


You were on level 5 of the Dungeon.
You worshipped Cheibriados.
Cheibriados was noncommittal.
You were very full.

You visited 1 branch of the dungeon, and saw 5 of its levels.

You collected 57 gold pieces.

Inventory:

Magical devices
 g - a wand of magic darts (0)
Comestibles
 d - a meat ration
Scrolls
 f - 3 scrolls of identify {unknown}
Jewellery
 c - an amulet of resist corrosion (around neck)
Potions
 a - a potion of restore abilities {unknown}
 b - a potion of curing {unknown}
 e - a potion of might


   Skills:
 - Level 3.0 Fighting
 - Level 4.0 Dodging
 + Level 5.3 Unarmed Combat
 + Level 0.4 Invocations


You had 2 spell levels left.
You didn't know any spells.

Dungeon Overview and Level Annotations

Branches:
Dungeon (5/15)
 Temple: D:4-7

Altars:
Cheibriados
Makhleb
Vehumet
Zin

Shops:
D:4 }


Innate Abilities, Weirdness & Mutations

You cannot wear armour.
You are incapable of wielding weapons or throwing items.
Your paws have sharp claws.
You have razor-sharp teeth.
You have supernaturally acute eyesight.
You are carnivorous and can eat meat at any time.
You cover ground quickly.
You are covered in fur (AC +1).
You have a slow metabolism.
You can jump attack at a short distance.


Message History

There is an entrance to Vis Uran's Gadget Shoppe here.
You open the door.
Found a stone staircase leading down.
There is an open door here.
There is a stone staircase leading down here.
There is a stone staircase leading down here.
There is a stone staircase leading down here.
You climb downwards.
A hobgoblin and a centaur come into view.
Found 10 gold pieces and a fizzy cyan potion.
There is a stone staircase leading up here.
The centaur shouts!
The hobgoblin shouts!
The centaur wields a shortbow.
The centaur shoots an arrow.
The arrow barely misses you.
The centaur shoots an arrow.
The arrow completely misses you.
The centaur unwields an uncursed shortbow.
The centaur hits you!
Ouch! That really hurt!
The centaur hits you!
You die...

# #####
#...#..<##
#.........##
.......g..#
.........@#
!........c#
........##
......##
##..### #..
.


You could see a centaur and a hobgoblin.

Vanquished Creatures
  A crimson imp (D:3)
  An adder (D:4)
  A giant cockroach (D:1)
  A goblin (D:1)
  3 jackals (D:1)
  A kobold (D:1)
  2 bats
  2 giant geckos (D:2)
  2 rats (D:1)
14 creatures vanquished.

Notes
Turn   | Place    | Note
--------------------------------------------------------------
     0 | D:1      | Sabretooth, the Felid Fighter, began the quest for the Orb.
     0 | D:1      | Reached XP level 1. HP: 10/10 MP: 2/2
    89 | D:1      | Reached XP level 2. HP: 8/14 MP: 3/3
   252 | D:3      | Found a burning altar of Makhleb.
   252 | D:3      | Found a radiant altar of Vehumet.
   254 | D:3      | Reached skill level 5 in Unarmed Combat
   254 | D:3      | Reached XP level 3. HP: 8/17 MP: 5/5
   364 | D:4      | Found Vis Uran's Gadget Shoppe.
   411 | D:4      | Found a snail-covered altar of Cheibriados.
   412 | D:4      | Found a glowing silver altar of Zin.
   418 | D:4      | Became a worshipper of Cheibriados the Contemplative
   447 | D:4      | Noticed a phantom
   499 | D:5      | Entered Level 5 of the Dungeon
   499 | D:5      | Noticed a centaur
   502 | D:5      | Slain by a centaur

Action                   || total
-------------------------++-------
Melee: Unarmed           ||    36
Invok: Bend Time         ||     1
Evoke: Wand              ||     1
